 Dungeon Crawl Stone Soup version 0.23-a0-636-g0ff6057 (webtiles) character file.

282 galech the Chopper (level 6, 48/48 HPs)
             Began as a Demonspawn Fighter on Dec 28, 2018.
             Quit the game on level 3 of the Dungeon.
             The game lasted 00:02:03 (1871 turns).

galech the Chopper (Demonspawn Fighter)             Turns: 1871, Time: 00:02:04

Health: 48/48      AC:  6    Str: 16    XL:     6   Next: 6%
Magic:  6/6        EV:  7    Int:  9    God:
Gold:   118        SH:  9    Dex: 15    Spells: 5/5 levels left

rFire    . . .     SeeInvis +   a - +0 war axe
rCold    . . .     Gourm    .   c - +0 shield
rNeg     + . .     Faith    .   b - +0 scale mail
rPois    .         Spirit   .   (no helmet)
rElec    .         Reflect  .   (no cloak)
rCorr    .         Harm     .   (no gloves)
MR       .....                  (no boots)
Stlth    ..........             (no amulet)
HPRegen  0.16/turn              g - ring of see invisible
MPRegen  0.10/turn              i - ring of positive energy

@: no status effects
A: hooves 2, spiny 1, sanguine armour 1
a: no special abilities


You were on level 3 of the Dungeon.
You were not hungry.

You visited 1 branch of the dungeon, and saw 3 of its levels.

You collected 118 gold pieces.

Inventory:

Hand Weapons
 a - a +0 war axe (weapon)
Armour
 b - a +0 scale mail (worn)
 c - a +0 shield (worn)
Jewellery
 g - a ring of see invisible (left hand)
 i - a ring of positive energy (right hand)
Scrolls
 e - 2 scrolls of fog {unknown}
 h - 3 scrolls of identify {unknown}
 j - a scroll of fear {unknown}
 k - 2 scrolls of noise {unknown}
 n - 2 scrolls of teleportation {unknown}
 p - a scroll of amnesia {unknown}
 q - a scroll of remove curse {unknown}
Potions
 d - a potion of might
 m - 2 potions of haste {unknown}
 o - a potion of curing {unknown}
Comestibles
 f - 3 rations
 l - 8 chunks of flesh


   Skills:
 + Level 3.6 Fighting
 + Level 4.0 Axes
 + Level 3.6 Armour
 + Level 1.0 Dodging
 + Level 0.3 Stealth
 + Level 3.6 Shields


You had 5 spell levels left.
You didn't know any spells.
Your spell library was empty.

Dungeon Overview and Level Annotations

Branches:
Dungeon (3/15)

Altars:


Innate Abilities, Weirdness & Mutations

You have hoof-like feet.
You are partially covered in sharp spines.
When seriously injured, your bleeding wounds create armour. (AC +0)


Message History

The orc priest completely misses you.
You slash the orc priest!
You kill the orc priest!
Your Axes skill increases to level 4!
You have reached level 6!
Your experience leads to an increase in your attributes!
Increase (S)trength, (I)ntelligence, or (D)exterity?
You feel agile.
Your demonic ancestry asserts itself...
Your feet thicken and deform.
Things that are here:
a +0 leather armour; a +0 dagger There isn't anything to butcher here.
Found 10 gold pieces.
Things that are here:
a +0 dagger; a +0 leather armour; an orc corpse You butcher the orc corpse.
l - 8 chunks of flesh (gained 1)
Things that are here:
a +0 dagger; a +0 leather armour; an orc skeleton Are you sure you want to abandon this character and quit the game? (Confirm

#................#...)##...
#..........................
#................#.........
#................#.....รท...
#.......$........#.........
#................#.#.......
#............###.#.#....#..
............###.#.#....#..
........[@.!....# #.......
............##..$ #..... .
............# $ #..... .
............# ##########.#
.# .# .#


There were no monsters in sight!

Vanquished Creatures
  A black bear (D:3)
  An orc priest (D:3)
  An orc wizard (D:3)
  A worker ant zombie (D:2)
  3 gnolls (D:3)
  2 adders
  An ooze (D:3)
  2 dart slugs
  A leopard gecko (D:3)
  7 orcs (D:3)
  2 giant cockroaches
  3 goblins
  8 hobgoblins
  8 jackals (D:2)
  6 kobolds
  A quokka (D:2)
  A ball python (D:1)
  8 bats
  3 frilled lizards
  5 rats
65 creatures vanquished.

Notes
Turn   | Place    | Note
-------+----------+-------------------------------------------
     0 | D:1      | galech the Demonspawn Fighter began the quest for the Orb.
     0 | D:1      | Reached XP level 1. HP: 18/18 MP: 1/1
   131 | D:1      | Gained mutation: You have large cloven feet. [demonic
                  | ancestry]
   131 | D:1      | Reached XP level 2. HP: 24/24 MP: 2/2
   187 | D:1      | Reached skill level 2 in Axes
   932 | D:2      | Gained mutation: When seriously injured, your bleeding
                  | wounds create armour. (AC +0) [demonic ancestry]
   932 | D:2      | Reached XP level 3. HP: 26/29 MP: 3/3
  1473 | D:3      | Gained mutation: You are partially covered in sharp spines.
                  | [demonic ancestry]
  1473 | D:3      | Reached XP level 4. HP: 28/35 MP: 4/4
  1473 | D:3      | Noticed a black bear
  1476 | D:3      | Reached skill level 3 in Axes
  1481 | D:3      | Killed a black bear
  1481 | D:3      | Reached XP level 5. HP: 16/41 MP: 5/5
  1804 | D:3      | Reached skill level 1 in Dodging
  1866 | D:3      | Reached skill level 4 in Axes
  1866 | D:3      | Gained mutation: You have hoof-like feet. [demonic
                  | ancestry]
  1866 | D:3      | Reached XP level 6. HP: 48/48 MP: 6/6
  1871 | D:3      | Quit the game

Vault maps used:
D:1:      kilobyte_arrival_exit_the_forest, minivault_14, minmay_crystal_water,
          minmay_tromino_v4_c
D:3:      first_ration

Skill      XL: |  1  2  3  4  5 |
---------------+----------------+-----
Axes           | 2 3 4 |  4.0
Shields        | 3 |  3.6
Armour         | 3 |  3.6
Dodging        | 1 |  1.0
Fighting       | |  3.6
Stealth        | |  0.3

Action                   |  1- 3 |  4- 6 || total
-------------------------+-------+-------++-------
Melee: War axe           |   112 |    32 ||   144
       Kick              |    21 |     7 ||    28
 Stab: Distracted        |     1 |       ||     1
  Eat: Chunk             |     2 |     1 ||     3
Armor: Scale mail        |    65 |    29 ||    94
Dodge: Dodged            |    38 |    16 ||    54
Block: Shield            |    67 |    32 ||    99

Table legend:
 A = Non-vault XP
 B = Vault XP
 C = Vault XP percentage of total XP
 D = Non-vault monster count
 E = Vault monster count
 F = Vault count percentage of total count
                 A         B        C        D         E       F
            +---------+---------+-------+---------+---------+-------
      Total |     401 |       3 |   0.7 |      63 |       2 |   3.1
            +---------+---------+-------+---------+---------+-------
        D:1 |      27 |       3 |  10.0 |      16 |       2 |  11.1
        D:2 |      62 |       0 |   0.0 |      21 |       0 |   0.0
        D:3 |     312 |       0 |   0.0 |      26 |       0 |   0.0
            +---------+---------+-------+---------+---------+-------
